 Dungeon Crawl Stone Soup version 0.28-a0-1493-g08698888e4 (webtiles) character file.

Game seed: 3086944694120817192

4485 kae the Grappler (level 10, -1/115 HPs)
             Began as a Troll Transmuter on Jan 12, 2022.
             Was a Believer of Ru.
             Slain by an eight-headed hydra (4 damage)
             ... on level 8 of the Dungeon.
             The game lasted 00:05:12 (6098 turns).

kae the Grappler (Troll Transmuter)                 Turns: 6098, Time: 00:05:12

Health: -1/115     AC: 10    Str: 20    XL:     10   Next: 16%
Magic:  0/15       EV: 10    Int: 19    God:    Ru [**....]
Gold:   498        SH:  0    Dex: 14    Spells: 9/17 levels left

rFire   x . .      SeeInvis .     - Unarmed
rCold   + + +      Faith    .   (shield currently unavailable)
rNeg    . . .      Spirit   +   (armour currently unavailable)
rPois   +          Reflect  .   (helmet currently unavailable)
rElec   .          Harm     .   (cloak currently unavailable)
rCorr   .          Rampage  .   (gloves unavailable)
Will    +....                   (boots unavailable)
Stlth   +.........              b - amulet of Juathra {Spirit Will+ Dex+4}
HPRegen 1.09/turn               g - +6 ring of intelligence
MPRegen 0.14/turn               o - +4 ring of protection

@: ice-form
A: freezing attack, amphibious, boosted hp, large, unfitting armour, (claws 3),
regeneration 1, (shaggy fur 1), (tough skin 1), hated by all
a: End Transformation, Renounce Religion


You were on level 8 of the Dungeon.
You worshipped Ru.
Ru was pleased with you.
You were a creature of crystalline ice.
You visited 2 branches of the dungeon, and saw 9 of its levels.

You collected 498 gold pieces.

Inventory:

Missiles
 m - a throwing net
Armour
 a - a +1 robe (melded)
Jewellery
 b - the amulet of Juathra (around neck) {Spirit Will+ Dex+4}
   (You acquired it on level 2 of the Dungeon)

   [amulet of guardian spirit]

   It causes incoming damage to be divided between your reserves of health and
   magic.
   Dex:       It affects your dexterity (+4).
   Will:      It increases your willpower.
 g - a +6 ring of intelligence (left front paw)
 j - an amulet of regeneration
 o - a +4 ring of protection (right front paw)
 t - a +6 ring of dexterity
 x - a +6 ring of dexterity
 z - a ring of see invisible
Wands
 v - a wand of flame (13)
 A - a wand of iceblast (12)
Scrolls
 c - 3 scrolls of amnesia
 e - 2 scrolls of enchant weapon
 q - 2 scrolls of fear
Potions
 d - a potion of attraction
 h - 4 potions of curing
 i - 2 potions of lignification
 k - a potion of brilliance
 l - a potion of degeneration
 n - a potion of flight
 p - a potion of heal wounds
 r - a potion of berserk rage
 s - a potion of cancellation
 u - 2 potions of mutation {unknown}


   Skills:
 + Level 5.5 Fighting
 - Level 1.5 Dodging
 * Level 9.9 Unarmed Combat
 + Level 4.3 Spellcasting
 + Level 5.2 Transmutations


You had 9 spell levels left.
You knew the following spells:

 Your Spells              Type           Power      Damage    Failure   Level
a - Beastly Appendage     Tmut           48%        N/A       1%          1
b - Spider Form           Tmut/Pois      14%        N/A       14%         3
c - Ice Form              Ice/Tmut       14%        N/A       41%         4

Your spell library contained the following spells:

 Spells                   Type           Power      Damage    Failure   Level
 Wereblood                Tmut           24%        N/A       2%          2
 Freeze                   Ice            16%        1d4       13%         1
 Ignite Poison            Fire/Tmut/Pois 10%        N/A       19%         3
 Frozen Ramparts          Ice            8%         1d2       36%         3
 Mephitic Cloud           Conj/Pois/Air  4%         N/A       36%         3
 Hailstorm                Conj/Ice       4%         3d4       78%         4
 Freezing Cloud           Conj/Ice/Air   2%         6-21      98%         5
 Conjure Ball Lightning   Conj/Air       2%         3x3d6     100%        6
 Discord                  Hex            2%         N/A       100%        8
 Disjunction              Tloc           2%         N/A       100%        8


Dungeon Overview and Level Annotations

Branches:
Dungeon (8/15)             Temple (1/1) D:4
   Lair: D:8-11

Altars:
Ashenzari
Cheibriados
Dithmenos
Gozag
Hepliaklqana
Makhleb
Nemelex Xobeh
Okawaru
Qazlal
Ru
Sif Muna
Trog
Uskayaw
Vehumet
Xom
Yredelemnul
Zin
The Shining One

Shops:
D:1 [

Annotations:
D:4 2 runed translucent doors, ThreePoint314's ghost, amateur DsCj


Innate Abilities, Weirdness & Mutations

You are a creature of crystalline ice.
You have a powerful freezing melee attack.
You are amphibious.
Your maximum health is increased.
Your armour is entirely melded.
You are incapable of wielding weapons or throwing items.
You are too large for most types of armour.
((You have claws for hands.))
Your natural rate of healing is unusually fast.
((You are covered in fur. (AC +1)))
((You have tough skin. (AC +1)))
You are hated by all.


Message History

You flicker for a moment.
You catch the helpless eight-headed hydra completely off-guard!
You pummel the eight-headed hydra!!
The eight-headed hydra seems to slow down.
You freeze the eight-headed hydra!
The eight-headed hydra is heavily wounded.
You flicker back into view.
The eight-headed hydra roars!
The eight-headed hydra barely misses you.
The eight-headed hydra bites you. The eight-headed hydra bites you!
The eight-headed hydra bites you.
The eight-headed hydra bites you but does no damage.
The eight-headed hydra bites you! The eight-headed hydra bites you. x2
You hit the eight-headed hydra. You freeze the eight-headed hydra.
The eight-headed hydra is severely wounded.
The eight-headed hydra barely misses you.
The eight-headed hydra bites you but does no damage.
The eight-headed hydra barely misses you.
The eight-headed hydra bites you! The eight-headed hydra bites you.
* * * LOW HITPOINT WARNING * * *
The eight-headed hydra bites you!
* * * LOW HITPOINT WARNING * * *
The eight-headed hydra bites you!
* * * LOW HITPOINT WARNING * * *
The eight-headed hydra bites you!
* * * LOW HITPOINT WARNING * * *
You punch the eight-headed hydra! You freeze the eight-headed hydra.
The eight-headed hydra is severely wounded.
You hit the eight-headed hydra.
The eight-headed hydra seems to slow down.
You freeze the eight-headed hydra.
The eight-headed hydra is almost dead.
The eight-headed hydra bites you!
* * * LOW HITPOINT WARNING * * *
The eight-headed hydra barely misses you.
The eight-headed hydra bites you but does no damage. x2
The eight-headed hydra closely misses you. x2
The eight-headed hydra barely misses you.
The eight-headed hydra bites you.
You die...

.###......_.....
.......#.)...#
.......##...##.#
#.).....?.#
#.......### ##
##....#### ##.#
###..#...###
...# .......#..#
### .#####.DY..#
..## #.. #.#.#.#
#).#


no# #.#.#.# ##.###.### #.#.#.# #.#..#..# ##...#.# #...##.# #......# #.##..#
#..#..#### #.###.### #..# ..#..#..# #.## You could see an eight-headed hydra
(slow).

Vanquished Creatures
  A two-headed ogre (D:8)
  Maggie (D:8)
  Grinder (D:7)
  Sigmund (D:4)
  Menkaure (D:5)
  2 water moccasins
  A black bear (D:6)
  A hornet zombie (D:6)
  3 ice beasts
  4 necrophages
  4 ogres
  A centaur (D:8)
  2 phantoms
  A kobold brigand (D:8)
  4 bullfrogs
  4 scorpions
  8 wights (D:7)
  3 howler monkeys
  2 orc priests
  3 hounds
  4 iguanas
  3 orc wizards
  A hound skeleton (D:5)
  4 gnolls (D:5)
  6 adders
  2 howler monkey skeletons (D:5)
  A white imp (D:5)
  An adder skeleton (D:4)
  A worm (D:2)
  2 dart slugs
  21 orcs
  5 endoplasms
  6 giant cockroaches
  11 goblins
  13 hobgoblins
  8 jackals
  2 quokkas
  4 ball pythons
  3 bats
  5 frilled lizards
  8 kobolds
  8 rats
167 creatures vanquished.

Notes
Turn   | Place    | Note
-------+----------+-------------------------------------------
     0 | D:1      | kae the Troll Transmuter began the quest for the Orb.
     0 | D:1      | Reached XP level 1. HP: 18/18 MP: 1/1
    77 | D:1      | You fall into a shaft and drop 1 floor!
   273 | D:1      | Reached skill level 1 in Fighting
   288 | D:1      | Found a faded altar of an unknown god.
   306 | D:1      | Reached XP level 2. HP: 27/27 MP: 3/3
   637 | D:1      | Reached XP level 3. HP: 33/33 MP: 2/4
   852 | D:1      | Found Ucue's Armour Shoppe.
  1588 | D:2      | Identified a scroll of acquirement
  1588 | D:2      | Acquired the amulet of Juathra {Spirit Will+ Dex+4}
  1668 | D:3      | Reached XP level 4. HP: 41/41 MP: 3/5
  1854 | D:3      | Noticed an ice beast
  1868 | D:3      | Killed an ice beast
  1869 | D:3      | Reached skill level 4 in Unarmed Combat
  1869 | D:3      | Reached XP level 5. HP: 37/49 MP: 3/6
  2311 | D:4      | Noticed an ogre
  2312 | D:4      | Found a staircase to the Ecumenical Temple.
  2318 | D:4      | Killed an ogre
  2319 | D:4      | Reached XP level 6. HP: 54/57 MP: 6/8
  2321 | D:4      | Found a glowing silver altar of Zin.
  2323 | Temple   | Entered the Ecumenical Temple
  2423 | Temple   | Became a worshipper of Ru the Awakened
  2466 | D:4      | Noticed Sigmund
  2515 | D:4      | Reached skill level 5 in Unarmed Combat
  2768 | D:4      | Killed Sigmund
  2769 | D:4      | Reached XP level 7. HP: 53/66 MP: 6/9
  2810 | D:4      | Found a large runed translucent door.
  2811 | D:4      | Found a large runed translucent door.
  2813 | D:4      | Noticed ThreePoint314's ghost (amateur DsCj)
  2924 | D:4      | Reached skill level 6 in Unarmed Combat
  3017 | D:4      | Found a hazy altar of Hepliaklqana.
  3094 | D:4      | Found a sparkling altar of Nemelex Xobeh.
  3095 | D:4      | Found an opulent altar of Gozag.
  3269 | D:5      | Entered Level 5 of the Dungeon
  3327 | D:5      | Noticed Menkaure
  3351 | D:4      | Learned a level 3 spell: Spider Form
  3356 | D:4      | Learned a level 4 spell: Ice Form
  3600 | D:5      | Killed Menkaure
  3601 | D:5      | Reached XP level 8. HP: 75/75 MP: 6/11
  3710 | D:5      | Reached skill level 7 in Unarmed Combat
  3873 | D:5      | Noticed Grinder
  4050 | D:5      | Gained mutation: You are hated by all. [Ru sacrifice]
  4050 | D:5      | Reached * piety under Ru
  4050 | D:5      | Reached ** piety under Ru
  4389 | D:6      | Reached skill level 8 in Unarmed Combat
  4479 | D:6      | Reached XP level 9. HP: 77/84 MP: 10/13
  4808 | D:6      | Found a stormy altar of Qazlal.
  4904 | D:7      | Killed Grinder
  5150 | D:7      | Reached skill level 9 in Unarmed Combat
  5210 | D:7      | Reached skill level 5 in Fighting
  5813 | D:8      | Noticed a gargoyle
  5814 | D:8      | Noticed a centaur warrior
  6044 | D:8      | Reached skill level 5 in Transmutations
  6064 | D:8      | Found an iron altar of Okawaru.
  6067 | D:8      | Noticed a two-headed ogre
  6067 | D:8      | Noticed Maggie
  6076 | D:8      | Killed a two-headed ogre
  6077 | D:8      | Reached XP level 10. HP: 55/96 MP: 9/15
  6085 | D:8      | Noticed an eight-headed hydra
  6086 | D:8      | Killed Maggie
  6098 | D:8      | HP: 3/115 [eight-headed hydra (10)]
  6098 | D:8      | Slain by an eight-headed hydra

Illustrated notes

Levels and vault maps discovered:
D:1:      onia_arrival_mini_maze, layout_basic,
          shapermc_ecumenical_altar_acropolis, serial_shops, shop,
          grunt_decor_mini_mirrors, minmay_pentomino_s4
D:2:      layout_loops_ring
D:3:      layout_rooms, nicolae_overflow_hidden_temple,
          minmay_fractal_squares_diagonal_5
D:4:      layout_rooms, worldfamousw_hep_ancestral_shrine,
          mainiacjoe_overflow_cross_hatched, grunt_temple_overflow_opulence,
          ebering_ghost_disaster_area, chequers_serial_rivers_room_a,
          uniq_sigmund
D:5:      minmay_evil_eye, layout_rooms, glass_columns_b,
          chequers_serial_rivers_micro_c, uniq_grinder, uniq_menkaure
D:6:      layout_cave_pools, lemuel_tele_altar
D:7:      layout_cave_pods, nrook_uturn
D:8:      minmay_the_grid_plus [minmay_the_grid_minigrid_small_alt,
          minmay_the_grid_pillar_ring, minmay_the_grid_box_x,
          minmay_the_grid_all_tris, minmay_the_grid_prize_inner_circle],
          layout_loops_ring, mainiacjoe_overflow_alcove_2, okawaru_gym_becter,
          enter_bailey_4, uniq_maggie
Temple:   nicolae_temple_hex_pool

Skill      XL: |  1  2  3  4  5  6  7  8  9 |
---------------+----------------------------+-----
Fighting       | 1 2 3 4 5 |  5.5
Unarmed Combat | 4 5 6 8 9 |  9.9
Transmutations | 2 3 4 5 |  5.2
Spellcasting   | 2 3 4 |  4.3
Dodging        | |  1.5

Action                   |  1- 3 |  4- 6 |  7- 9 | 10-12 || total
-------------------------+-------+-------+-------+-------++-------
Melee: Unarmed           |   104 |    69 |   214 |    12 ||   399
       Headbutt          |     3 |     6 |    31 |       ||    40
       Kick              |     8 |    15 |    45 |       ||    68
       Punch             |     1 |       |     9 |       ||    10
 Cast: Beastly Appendage |    24 |    17 |    41 |       ||    82
       Ice Form          |       |       |     1 |     1 ||     2
Invok: Sacrifice Love    |       |       |     1 |       ||     1
  Use: Scroll            |     8 |     3 |     9 |       ||    20
       Potion            |       |     1 |     1 |       ||     2
 Stab: Sleeping          |       |     1 |       |       ||     1
       Invisible         |       |       |     1 |     4 ||     5
Armor: Robe              |    51 |    17 |    51 |     2 ||   121
       Skin              |       |       |     1 |     4 ||     5
Dodge: Dodged            |    65 |    32 |    91 |     9 ||   197

Table legend: (Time is in decaauts)
 A = Elapsed time spent in this place.
 B = Non-inter-level travel time spent in this place.
 C = Inter-level travel time spent in this place.
 D = Time resting spent in this place.
 E = Time spent auto-exploring this place.
 F = Levels seen in this place.
 G = Mean time per level.
                   A        B        C        D        E       F      G
               +--------+--------+--------+--------+--------+-----+--------+
         Total |   6059 |   5723 |    336 |    115 |   4389 |   9 |  673.2 |
       Dungeon |   5928 |   5633 |    295 |    115 |   4312 |   8 |  741.0 |
        Temple |    130 |     89 |     41 |      0 |     77 |   1 |  130.0 |
               +--------+--------+--------+--------+--------+-----+--------+

Top non-repeatable levels by time:
     D:4: 1075 daAuts
     D:7: 1004 daAuts
     D:1: 877 daAuts
     D:5: 772 daAuts
     D:2: 737 daAuts
     D:3: 638 daAuts
     D:6: 616 daAuts
     D:8: 204 daAuts
  Temple: 130 daAuts
